Map: Odyssey LE

Players

ИкотаЕнота - Winner!

  • Race: Protoss Protoss
  • Spawn Location: 11:00

A.I. 1 (Very Easy)

  • Race: Terran Terran
  • Spawn Location: 5:00

VOD

Have the link to the VOD?

Description

Time

  • Played on: Aug. 16, 2017, 5:04 a.m.
  • Length: 11:45
Show
View Real Time Build Order
Export as new Build Order

ИкотаЕнота Protoss - Winner!

Build Orders: 1 Gate Expand 

Get SALT Encoding   

  12  0:01  Probe (Chrono Boost)  
  13  0:11  Probe (Chrono Boost)  
  14  0:17  Pylon  
  14  0:22  Probe (Chrono Boost)  
  15  0:36  Probe (Chrono Boost)  
  15  0:37  Gateway  
  16  0:46  Probe (Chrono Boost)  
  16  0:48  Assimilator  
  18  0:57  Probe (Chrono Boost)  
  18  1:07  Probe (Chrono Boost)  
  19  1:20  Nexus  
  19  1:30  Cybernetics Core  
  19  1:34  Probe (Chrono Boost)  
  20  1:40  Assimilator  
  20  1:45  Probe (Chrono Boost)  
  21  1:49  Pylon  
  21  1:55  Probe (Chrono Boost)  
  22  2:02  Warp Gate  
  22  2:06  Probe (Chrono Boost)  
  22  2:07  Adept  
  25  2:17  Mothership Core (Chrono Boost)  
  25  2:21  Pylon  
  27  2:35  Robotics Facility  
  27  2:43  Probe (Chrono Boost)  
  27  2:44  Probe (Chrono Boost)  
  29  2:46  Stalker (Chrono Boost)  
  31  2:55  Probe x2  
  33  3:07  Probe x2  
  33  3:10  Gateway  
  35  3:14  Gateway  
  35  3:19  Probe  
  36  3:20  Probe  
  36  3:21  Observer (Chrono Boost)  
  38  3:27  Stalker (Chrono Boost)  
  38  3:32  Probe  
  38  3:33  Probe  
  42  3:40  Observer  
  42  3:41  Pylon  
  42  3:44  Probe  
  42  3:45  Probe  
  45  3:52  Pylon  
  45  3:56  Probe  
  45  3:57  Probe  
  45  4:02  Immortal  
  47  4:05  Assimilator  
  47  4:08  Probe (Chrono Boost)  
  47  4:09  Probe (Chrono Boost)  
  53  4:15  Stalker x2  
  57  4:21  Stalker  
  57  4:23  Probe (Chrono Boost)  
  61  4:24  Probe (Chrono Boost)  
  61  4:34  Probe (Chrono Boost)  
  61  4:35  Pylon  
  62  4:38  Immortal  
  62  4:39  Pylon  
  66  4:56  Gateway x2  
  66  4:58  Gateway  
  66  5:01  Gateway  
  66  5:04  Pylon  
  66  5:09  Sentry x3  
  72  5:24  Probe (Chrono Boost)  
  72  5:25  Probe (Chrono Boost)  
  74  5:35  Probe (Chrono Boost)  
  75  5:36  Nexus  
  75  5:37  Immortal, Pylon  
  75  5:39  Pylon, Assimilator  
  79  5:49  Twilight Council  
  79  5:52  Forge  
  79  6:07  Probe (Chrono Boost)  
  79  6:09  Probe (Chrono Boost)  
  81  6:12  Immortal  
  81  6:15  Robotics Facility  
  81  6:16  Protoss Ground Weapons Level 1 (Chrono Boost)  
  85  6:19  Probe (Chrono Boost)  
  85  6:21  Probe (Chrono Boost)  
  87  6:28  Charge  
  87  6:30  Probe (Chrono Boost)  
  89  6:33  Probe (Chrono Boost)  
  89  6:36  Gateway x2  
  89  6:39  Gateway  
  89  6:40  Probe (Chrono Boost)  
  89  6:44  Probe (Chrono Boost)  
  91  6:48  Probe  
  91  6:51  Probe  
  93  6:54  Assimilator  
  93  6:55  Probe  
  93  6:57  Assimilator  
  93  6:59  Probe  
  95  7:03  Probe  
  95  7:08  Probe  
  97  7:10  Immortal (Chrono Boost)  
  97  7:11  Immortal (Chrono Boost), Probe  
  106  7:15  Probe  
  106  7:20  Probe  
  108  7:23  Probe  
  108  7:28  Probe  
  110  7:31  Templar Archives  
  110  7:32  Probe  
  110  7:35  Probe  
  112  7:42  Pylon x2  
  112  7:44  Pylon x2  
  112  7:49  Protoss Ground Weapons Level 2  
  112  8:00  Warp Prism (Chrono Boost)  
  112  8:02  Observer (Chrono Boost)  
  115  8:09  High Templar x3  
  115  8:10  High Templar  
  115  8:12  High Templar x2  
  127  8:13  Archon  
  127  8:14  Archon  
  127  8:16  Archon  
  127  8:19  Nexus  
  127  8:20  Pylon  
  127  8:21  Pylon  
  127  8:22  Pylon  
  127  8:24  Pylon  
  127  8:26  Pylon  
  127  8:29  Stargate  
  127  8:32  Immortal (Chrono Boost)  
  127  8:34  Immortal (Chrono Boost)  
  135  9:00  Zealot x10  
  154  9:13  Fleet Beacon  
  154  9:33  Assimilator  
  154  9:37  Assimilator  
  154  9:45  Immortal x2 (Chrono Boost)  
  168  10:05  High Templar  
  168  10:06  High Templar x4  
  178  10:09  Zealot x5  
  178  10:13  Archon x2  
  188  10:20  Photon Cannon  
  188  10:21  Photon Cannon  
  188  10:22  Photon Cannon x2  
  188  10:24  Photon Cannon  
  188  10:25  Photon Cannon x3  
  188  10:27  Photon Cannon  
  188  10:28  Photon Cannon  
  188  10:29  High Templar  
  188  10:35  Archon  
  190  10:43  Pylon  
  190  10:46  Pylon  
  190  10:47  Pylon  
  190  10:50  Zealot x5  
Show
View Real Time Build Order
Export as new Build Order

A.I. 1 (Very Easy) Terran 

Build Orders:  

Get SALT Encoding   

  12  0:00  SCV  
  13  0:13  SCV  
  14  0:19  Supply Depot  
  14  0:37  Refinery  
  14  0:44  Barracks  
  14  1:04  Supply Depot  
  14  1:12  Refinery  
  14  1:31  Marine  
  15  1:33  Orbital Command  
  15  1:50  Barracks Tech Lab  
  15  1:59  SCV  
  16  2:11  Marine  
  16  2:12  SCV  
  18  2:24  SCV  
  19  2:36  SCV  
  20  2:48  SCV  
  21  2:53  Marauder  
  23  3:00  SCV  
  24  6:22  Marine, SCV  
  24  6:23  Supply Depot  
  24  6:25  Factory  
  26  6:30  Command Center  
  26  6:34  SCV  
  27  6:46  SCV  
  28  6:47  Supply Depot  
  28  6:55  Marine  
  28  6:58  SCV  
  26  7:10  SCV  
  26  7:12  Starport  
  27  7:28  Marine  
  28  7:44  SCV  
  29  7:51  SCV  
  29  7:52  Starport Tech Lab, Refinery  
  29  7:55  Refinery  
  30  7:58  SCV  
  30  8:01  Marine  
  32  8:05  SCV  
  32  8:10  Raven  
  35  8:12  SCV  
  35  8:20  SCV  
  36  8:27  SCV  
  37  8:34  Marine  
  37  8:35  SCV  
  39  8:42  SCV  
  40  8:49  SCV  
  40  8:53  Raven  
  43  8:56  SCV  
  44  9:04  SCV  
  44  9:07  Marauder  
  47  9:11  SCV  
  41  9:18  SCV  
  41  9:26  SCV  
  42  9:33  SCV  
  42  9:36  Raven  
  45  9:40  Marine, SCV  
  43  10:13  Marine  
  43  10:19  Raven  
  43  10:46  Marauder  
  44  10:55  SCV  
  44  11:16  Hellion  
  44  11:18  Supply Depot  
  44  11:19  SCV  
Tags
 
Matchup
PvT
Spawn Locations
Cross Positions
Add a new tag
Caveats
  • Supply blocks, unpowered buildings, or Contaminate may cause inaccurate times.
  • Supply counts are checked every 10 seconds.